 Dungeon Crawl Stone Soup version 0.24-a0-580-g6a6c3f83c1 (webtiles) character file.

Game seed: 9320140387667886586

417 Mame the Chopper (level 6, 0/53 HPs)
             Began as a Hill Orc Fighter on Aug 22, 2019.
             Killed by divine providence
             ... invoked by an orc priest
              (11 damage)
             ... on level 4 of the Dungeon.
             The game lasted 00:10:02 (3291 turns).

Mame the Chopper (Hill Orc Fighter)                 Turns: 3291, Time: 00:10:04

Health: 0/53       AC:  8    Str: 21    XL:     6   Next: 92%
Magic:  6/6        EV:  7    Int:  8    God:
Gold:   287        SH:  9    Dex: 10    Spells: 5/5 levels left

rFire    . . .     SeeInvis +   s - +0 hand axe
rCold    . . .     Gourm    .   c - +0 shield
rNeg     . . .     Faith    +   b - +0 scale mail
rPois    .         Spirit   .   x - +0 helmet {SInv}
rElec    .         Reflect  .   (no cloak)
rCorr    .         Harm     .   (no gloves)
MR       .....                  (no boots)
Stlth    ..........             v - amulet of faith
HPRegen  0.17/turn              (no ring)
MPRegen  0.10/turn              (no ring)

@: no status effects
A: no striking features
a: Convert to Beogh


You were on level 4 of the Dungeon.
You were not hungry.

You visited 1 branch of the dungeon, and saw 4 of its levels.

You collected 287 gold pieces.

Inventory:

Hand Weapons
 a - a +0 war axe
 r - a +0 dagger of freezing
 s - a +0 hand axe (weapon)
 y - a +2 dagger of venom
Missiles
 g - 6 boomerangs (quivered)
Armour
 b - a +0 scale mail (worn)
 c - a +0 shield (worn)
 x - a +0 helmet of see invisible (worn)
Jewellery
 v - an amulet of faith (around neck)
Scrolls
 d - a scroll of random uselessness {unknown}
 e - a scroll of enchant weapon {unknown}
 h - 5 scrolls of remove curse
 i - 2 scrolls of identify {unknown}
 n - 2 scrolls of magic mapping {unknown}
 o - a scroll of immolation {unknown}
 p - a scroll of enchant armour {unknown}
 q - a scroll of noise {unknown}
 t - 2 scrolls of teleportation {unknown}
Potions
 j - a potion of flight {unknown}
 k - 3 potions of curing
 l - a potion of magic {unknown}
 u - 2 potions of agility {unknown}
 w - a potion of brilliance {unknown}
 z - 2 potions of degeneration {unknown}
Comestibles
 f - 10 rations
 A - 3 chunks of flesh


   Skills:
 + Level 4.6 Fighting
 * Level 7.3 Axes
 + Level 4.2 Armour
 + Level 4.6 Shields


You had 5 spell levels left.
You didn't know any spells.
Your spell library was empty.

Dungeon Overview and Level Annotations

Branches:
Dungeon (4/15)
 Temple: D:4-7

Altars:
Makhleb
Sif Muna
Trog
Uskayaw


Message History

The orc priest hits you with a +2 hand axe of freezing.
* * * LOW HITPOINT WARNING * * *
The orc priest freezes you.
* * * LOW HITPOINT WARNING * * *
The orc priest shouts, "Beogh is our master!
Accept the truth or die!"
The orc priest hits you but does no damage.
You closely miss the orc priest.
The orc priest is moderately wounded.
You hit the orc priest.
The orc priest shouts, "Surrender to Beogh and we'll let you live!"
You block the orc priest's attack. x2
The orc priest threatens, "By the altar or by the axe, you will meet Beogh!"
You hit the orc priest.
The orc priest is moderately wounded.
The orc priest shouts, "Surrender to Beogh and we'll let you live!"
You hit the orc priest but do no damage.
The orc priest shouts, "Join the one true god or die!"
The orc priest calls down the wrath of Beogh upon you.
Beogh smites you!
You die...

#. #. #.##### #
...... #. #..#.#
##.##..#.#
###...#).#.#
......o@.#.###
###...#o.....###
##. ##.#.#.#.##
.. ...#......#
.. #######.#.##
#. #.#.# # #.#.#
#.# #.#.# #.#
#.#.#


You could see 2 orc priests.

Vanquished Creatures
  A phantom (D:4)
  2 orc priests (D:3)
  An orc wizard (D:4)
  A worker ant (D:4)
  12 adders
  2 adder skeletons (D:4)
  6 worms
  A dart slug (D:2)
  A leopard gecko (D:1)
  6 orcs
  5 bats
  3 giant cockroaches
  9 hobgoblins
  9 jackals
  2 quokkas
  4 frilled lizards
  8 goblins
  10 kobolds
  A quokka skeleton (D:2)
  3 rats
87 creatures vanquished.

Vanquished Creatures (others)
  4 toadstools (D:1)
4 creatures vanquished.

Grand Total: 91 creatures vanquished

Notes
Turn   | Place    | Note
-------+----------+-------------------------------------------
     0 | D:1      | Mame the Hill Orc Fighter began the quest for the Orb.
     0 | D:1      | Reached XP level 1. HP: 19/19 MP: 1/1
   407 | D:1      | Reached skill level 3 in Axes
   407 | D:1      | Reached XP level 2. HP: 27/27 MP: 2/2
   841 | D:2      | Reached XP level 3. HP: 33/33 MP: 3/3
   890 | D:2      | Reached skill level 4 in Axes
   898 | D:2      | Reached XP level 4. HP: 19/40 MP: 4/4
  1189 | D:2      | Reached skill level 5 in Axes
  1301 | D:2      | Reached XP level 5. HP: 23/46 MP: 5/5
  2102 | D:3      | Reached skill level 6 in Axes
  2107 | D:3      | Reached XP level 6. HP: 4/52 MP: 6/6
  2466 | D:3      | Found a burning altar of Makhleb.
  2479 | D:3      | Found a shimmering blue altar of Sif Muna.
  2487 | D:3      | Found a bloodstained altar of Trog.
  2605 | D:3      | Found a faded altar of an unknown god.
  2693 | D:3      | Found a hide-covered altar of Uskayaw.
  2695 | D:3      | Noticed a +0 dagger
  2695 | D:3      | Noticed a +0 hand axe
  3146 | D:4      | Noticed a phantom
  3179 | D:4      | Killed a phantom
  3179 | D:4      | Reached skill level 7 in Axes
  3291 | D:4      | Killed from afar by an orc priest

Levels and vault maps discovered:
D:1:      scummos_arrival_simple_fountains, layout_basic,
          minmay_gold_behind_fungi, serial_park_tiny_1
D:2:      minmay_recursive_quarters, layout_basic
D:3:      layout_basic, dancing_weapons_uskayaw, minitemple,
          chequers_ecumenical_altar_grove, minmay_fountain_box
D:4:      layout_loops_ring, temple_doors_e, first_ration

Skill      XL: |  1  2  3  4  5  6 |
---------------+-------------------+-----
Axes           | 3 4 5 6 7 |  7.3
Fighting       | 4 |  4.6
Shields        | 4 |  4.6
Armour         | 4 |  4.2

Action                   |  1- 3 |  4- 6 || total
-------------------------+-------+-------++-------
Melee: War axe           |    60 |   121 ||   181
       Hand axe          |       |   125 ||   125
  Use: Potion            |     1 |     5 ||     6
       Scroll            |       |     2 ||     2
  Eat: Chunk             |       |     8 ||     8
Armor: Scale mail        |    37 |   102 ||   139
Dodge: Dodged            |    38 |    72 ||   110
Block: Shield            |    48 |   154 ||   202

Table legend:
 A = Non-vault XP
 B = Vault XP
 C = Vault XP percentage of total XP
 D = Non-vault monster count
 E = Vault monster count
 F = Vault count percentage of total count
                 A         B        C        D         E       F
            +---------+---------+-------+---------+---------+-------
      Total |     516 |      80 |  13.4 |      75 |      12 |  13.8
            +---------+---------+-------+---------+---------+-------
        D:1 |      29 |       0 |   0.0 |      17 |       0 |   0.0
        D:2 |      95 |      80 |  45.7 |      23 |      12 |  34.3
        D:3 |     157 |       0 |   0.0 |      23 |       0 |   0.0
        D:4 |     235 |       0 |   0.0 |      12 |       0 |   0.0
            +---------+---------+-------+---------+---------+-------
